 Dungeon Crawl Stone Soup version 0.30-a0-845-g7c6808c8ce (webtiles) character file.

Game seed: 5398159381112397411

54 Sanktem7 the Conjurer (level 3, -7/19 HPs)
             Began as a Deep Elf Conjurer on Mar 3, 2023.
             Killed from afar by Natasha (12 damage)
             ... with a bolt of dispelling energy
             ... on level 2 of the Dungeon.
             The game lasted 00:07:06 (1522 turns).

Sanktem7 the Conjurer (Deep Elf Conjurer)           Turns: 1522, Time: 00:07:07

Health: -7/19      AC:  3    Str:  4    XL:     3   Next: 66%
Magic:  7/10       EV: 11    Int: 24    God:
Gold:   83         SH:  0    Dex: 13    Spells: 6/9 levels left

rFire   . . .      SeeInvis .    (no weapon)
rCold   . . .      Faith    .    (no shield)
rNeg    . . .      Spirit   .    l - +0 leather armour
rPois   .          Reflect  .    (no helmet)
rElec   .          Rampage  .    (no cloak)
rCorr   .                        (no gloves)
Will    .....                    (no boots)
Stlth   ++                       (no amulet)
HPRegen 0.23/turn                (no ring)
MPRegen 0.12/turn                (no ring)

@: no status effects
A: no striking features
a: no special abilities


You were on level 2 of the Dungeon.
You visited 1 branch of the dungeon, and saw 2 of its levels.

You collected 83 gold pieces.

Inventory:

Armour
 a - a +0 robe
 l - a +0 leather armour (worn)
Scrolls
 e - a scroll of torment {unknown}
 f - a scroll of fog {unknown}
 g - a scroll of blinking {unknown}
 h - 2 scrolls of identify {unknown}
 j - a scroll of enchant armour {unknown}
 k - a scroll of poison {unknown}
Potions
 b - 2 potions of magic
 c - 2 potions of attraction {unknown}
 d - 2 potions of might {unknown}
 i - a potion of mutation {unknown}


   Skills:
 + Level 2.5 Dodging
 + Level 2.5 Stealth
 * Level 3.7 Spellcasting
 * Level 5.5 Conjurations


You had 6 spell levels left.
You knew the following spells:

 Your Spells              Type           Power      Damage    Failure   Level
a - Magic Dart            Conj           100%       1d8       1%          1
b - Searing Ray           Conj           62%        2d6       2%          2

Your spell library contained the following spells:

 Spells                   Type           Power      Damage    Failure   Level
 Dazzling Flash           Conj/Hex       34%        N/A       17%         3
 Fulminant Prism          Conj/Hex       8%         3d7       50%         4
 Iskenderun's Mystic Bla  Conj/Tloc      17%        2d5       50%         4


Dungeon Overview and Level Annotations

Branches:
Dungeon (2/15)

Altars:

Annotations:
D:2 Natasha


Message History

Found a stone staircase leading down.
Found a club.
Found a stone staircase leading up.
Natasha, Servant of Life and Death comes into view.
She is carrying a wand of quicksilver (7).
Casting: Magic Dart (safe; 1% risk of failure)
Confirm with . or Enter, or press ? or * to list all spells.
Aiming: Magic Dart (safe; 1% risk of failure)
Press: ? - help, Shift-Dir - straight line, f - Natasha
Aim: Natasha, carrying a wand of quicksilver (7) (asleep, 100% to hit)
The magic dart hits Natasha.
Natasha is moderately wounded.
Natasha hisses angrily.
Natasha growls.
Natasha casts a spell.
Casting: Magic Dart (safe; 1% risk of failure)
Confirm with . or Enter, or press ? or * to list all spells.
Aiming: Magic Dart (safe; 1% risk of failure)
Press: ? - help, Shift-Dir - straight line, f/p - Natasha
Aim: Natasha, carrying a wand of quicksilver (7) (moderately wounded, 100% to hit)
The magic dart hits Natasha.
Natasha is heavily wounded.
Natasha zaps a wand.
The bolt of dispelling energy hits you!
Ouch! That really hurt!
* * * LOW HITPOINT WARNING * * *
Casting: Magic Dart (safe; 1% risk of failure)
Confirm with . or Enter, or press ? or * to list all spells.
Aiming: Magic Dart (safe; 1% risk of failure)
Press: ? - help, Shift-Dir - straight line, f/p - Natasha
Aim: Natasha, carrying a wand of quicksilver (6) (heavily wounded, 100% to hit)
The magic dart hits Natasha.
Natasha is severely wounded.
Natasha wildly gestures.
You feel troubled.
Natasha mumbles some strange words.
Natasha's front paws start to glow.
Natasha zaps a wand.
The bolt of dispelling energy misses you.
Natasha zaps a wand.
The bolt of dispelling energy hits you!
Ouch! That really hurt!
You die...

... ##.#.## #.#
##....# #.# #..#.##
.### #.# ###....#
...5.###.###....###
##.........#.##
.h.h...#.#####.#
..........# #.#
........[@####.#
........#...#..#
#........>#.#...#####
....................#
..........###......#
##.........# #......#
#.........# ##.....#
#.........#####.....#
#.........#.........#


You could see an iron imp (summoned) and Natasha.

Vanquished Creatures
  2 adders (D:2)
  A worm (D:2)
  A dart slug (D:1)
  5 bats (D:1)
  2 giant cockroaches (D:1)
  3 hobgoblins
  A quokka (D:1)
  3 ball pythons
  3 frilled lizards (D:1)
  6 goblins
  3 kobolds
  2 rats
32 creatures vanquished.

Notes
Turn   | Place    | Note
-------+----------+-------------------------------------------
     0 | D:1      | Sanktem7 the Deep Elf Conjurer began the quest for the Orb.
     0 | D:1      | Reached XP level 1. HP: 10/10 MP: 6/6
   170 | D:1      | Reached XP level 2. HP: 15/15 MP: 4/8
   331 | D:1      | Found a faded altar of an unknown god.
   813 | D:1      | Reached skill level 5 in Conjurations
  1287 | D:2      | Reached XP level 3. HP: 19/19 MP: 5/10
  1451 | D:2      | Learned a level 2 spell: Searing Ray
  1516 | D:2      | Noticed Natasha
  1522 | D:2      | Killed from afar by Natasha

Illustrated notes

Levels and vault maps discovered:
D:1:      kennysheep_arrival_forest, layout_basic,
          hellmonk_ecumenical_altar_inner_sanctum
D:2:      layout_rooms, uniq_natasha

Skill      XL: |  1  2 |
---------------+-------+-----
Conjurations   | 5 |  5.5
Dodging        | |  2.5
Stealth        | |  2.5
Spellcasting   | |  3.7

Action                     || total
---------------------------++-------
   Cast: Magic Dart        ||    55
 Armour: Robe              ||     1
  Dodge: Dodged            ||     5

Table legend: (Time is in decaauts)
 A = Elapsed time spent in this place.
 B = Non-inter-level travel time spent in this place.
 C = Inter-level travel time spent in this place.
 D = Time resting spent in this place.
 E = Time spent auto-exploring this place.
 F = Levels seen in this place.
 G = Mean time per level.
                   A        B        C        D        E       F      G
               +--------+--------+--------+--------+--------+-----+--------+
         Total |   1521 |   1411 |    110 |    153 |    852 |   2 |  760.5 |
       Dungeon |   1521 |   1411 |    110 |    153 |    852 |   2 |  760.5 |
               +--------+--------+--------+--------+--------+-----+--------+

Top non-repeatable levels by time:
     D:1: 1282 daAuts
     D:2: 239 daAuts
